 Dungeon Crawl Stone Soup version 0.31-a0-618-g7ca08c1ff9 (webtiles) character file.

Game seed: 4084334743021360848

3209 mdonais the Fighter (level 9, -1/70 HPs)
             Began as an Octopode Reaver on Aug 22, 2023.
             Was a Follower of Ashenzari.
             Slain by a white imp (3 damage)
             ... on level 6 of the Dungeon.
             The game lasted 00:37:21 (7155 turns).

mdonais the Fighter (Octopode Reaver)               Turns: 7155, Time: 00:37:21

Health: -1/70      AC:  1    Str: 12    XL:     9   Next: 97%
Magic:  14/14      EV: 16    Int: 15    God:    Ashenzari [*.....]
Gold:   326        SH:  0    Dex: 14    Spells: 6/15 levels left

rFire   . . .        a - +2 short sword "Bound With Me" {speed, Cun, Self} (curse)
rCold   . . .        (no shield)
rNeg    + . .        (helmet restricted)
rPois   .            (no amulet)
rElec   .            e - ring of the Manifest Jealousy {rN+, Comp, Alch} (curse)
rCorr   .            (no ring)
SInv    .            (no ring)
Will    .....        (no ring)
Stlth   ++++         (no ring)
HPRegen 0.31/turn    (no ring)
MPRegen 0.14/turn    (no ring)
                     (no ring)

%: no passive effects
@: no status effects
A: almost no armour, amphibious, 8 rings, camouflage 1, gelatinous body 1,
(nimble swimmer 1), tentacles
a: Renounce Religion, Shatter the Chains


You were on level 6 of the Dungeon.
You worshipped Ashenzari.
Ashenzari was aware of your devotion.
You visited 2 branches of the dungeon, and saw 7 of its levels.

You collected 326 gold pieces.

Inventory:

Hand Weapons
 a - the cursed +2 short sword "Bound With Me" (weapon) {speed, Cun, Self}
   (You found it on level 2 of the Dungeon)

   It has a curse which improves the following skills: Cunning: Dodging and
   Stealth.
   Introspection: Fighting and Spellcasting.
 o - a +2 dagger of flaming
   (You found it on level 2 of the Dungeon)
 s - a +0 dagger of electrocution
   (You took it off Dowan on level 4 of the Dungeon)
Missiles
 y - 3 poisoned darts
Magical Staves
 f - a staff of poison
   (You found it on level 5 of the Dungeon)
Jewellery
 e - the cursed ring of the Manifest Jealousy (left tentacle) {rN+, Comp, Alch}
   (You found it on level 1 of the Dungeon)

   [ring of positive energy]

   rN+:       It protects you from negative energy.
   It has a curse which improves the following skills: Companions: Summonings
   and Necromancy.
   Alchemy:   Poison Magic and Transmutations.
 q - a ring of ice
   (You found it on level 3 of the Dungeon)
Talismans
 A - a blade talisman
   (You found it on level 4 of the Dungeon)
Wands
 x - a wand of polymorph (15)
   (You found it on level 4 of the Dungeon)
 D - a wand of digging (7)
   (You found it on level 2 of the Dungeon)
 V - a wand of flame (11)
   (You found it on level 5 of the Dungeon)
Scrolls
 g - a scroll of fog
 k - a scroll of amnesia
 n - 2 scrolls of enchant armour
 p - 2 scrolls of summoning
 r - a scroll of fear
 t - a scroll of revelation
 u - 2 scrolls of immolation
 v - 2 scrolls of enchant weapon
 z - a scroll of vulnerability
 B - a scroll of silence
 T - 3 scrolls of teleportation
Potions
 b - a potion of cancellation
 c - a potion of ambrosia
 h - a potion of berserk rage
 i - a potion of mutation
 j - 2 potions of attraction
 w - a potion of magic
 H - a potion of haste


   Skills:
 - Level 9.2(10.0) Fighting
 - Level 5.0 Short Blades
 - Level 6.2(7.0) Dodging
 - Level 4.3(5.0) Stealth
 - Level 3.0(3.6) Spellcasting
 - Level 3.0 Conjurations
 - Level 1.0(1.4) Necromancy
 - Level 1.0 Translocations
 - Level 3.0 Air Magic
 - Level 5.0(5.7) Poison Magic
 + Level 1.6 Shapeshifting


You had 6 spell levels left.
You knew the following spells:

 Your Spells              Type           Power      Damage    Failure   Level
a - Kiss of Death         Conj/Necr      36%        2d8       8%          1
b - Momentum Strike       Conj/Tloc      16%        3d8       12%         2
c - Poisonous Vapours     Pois/Air       30%        N/A       4%          2
d - Olgreb's Toxic Radia  Pois           20%        N/A       17%         4

Your spell library contained the following spells:

 Spells                   Type           Power      Damage    Failure   Level
 Sting                    Tmut/Pois      44%        1d5       5%          1
 Sublimation of Blood     Necr           7%         N/A       16%         2
 Lesser Beckoning         Tloc           10%        N/A       19%         2
 Hailstorm                Conj/Ice       7%         3d4       30%         3
 Gell's Gravitas          Tloc           5%         N/A       36%         3
 Teleport Other           Tloc           5%         N/A       36%         3
 Anguish                  Hex/Necr       2%         N/A       80%         4
 Cause Fear               Hex            1%         N/A       88%         4
 Simulacrum               Ice/Necr       2%         N/A       100%        6
 Enfeeble                 Hex            1%         N/A       100%        7
 Borgnjor's Revivificati  Necr           3%         N/A       100%        8


Dungeon Overview and Level Annotations

Branches:
Dungeon (6/15) Zot: 26162  Temple (1/1) D:4 Zot: 5966

Altars:
Ashenzari
Cheibriados
Dithmenos
Elyvilon
Fedhas
Gozag
Hepliaklqana
Kikubaaqudgha
Nemelex Xobeh
Okawaru
Qazlal
Ru
Sif Muna
Trog
Uskayaw
Vehumet
Xom
Yredelemnul
Zin
The Shining One

Annotations:
D:5 3 runed translucent doors, experimilk's ghost, novice TrGl


Innate Abilities, Weirdness & Mutations

You cannot wear most types of armour.
You are amphibious.
You can wear up to eight rings at the same time.
Your skin changes colour to match your surroundings (Stealth+).
Your rubbery body absorbs attacks. (AC +1, EV +1)
((You are camouflaged when in or above water. (Stealth+)))
You have tentacles for arms and can constrict up to eight enemies at once.


Message History

The gnoll hits you but does no damage.
You hit the phantom but do no damage.
The phantom is almost destroyed.
You hit the phantom but do no damage.
The phantom is almost destroyed.
The gnoll hits you from afar with a +0 halberd.
* * * LOW HITPOINT WARNING * * *
The phantom hits you but does no damage.
You take 3 damage, and have 31/105 hp.
You closely miss the phantom.
The phantom is almost destroyed.
You feel less wooden.
You now have 21/70 hp.
You miss the phantom. Your squeeze misses the phantom.
The phantom is almost destroyed.
The phantom closely misses you. The gnoll closely misses you.
You closely miss the phantom.
The phantom is almost destroyed.
You hit the phantom.
You destroy the phantom!
The gnoll misses you.
Training target 10.0 for Fighting reached!
You need to enable at least one skill for training.
Aiming: Polymorph
Press: ? - help, Shift-Dir - straight line, f - gnoll
Aim: a gnoll, wielding a +0 halberd (will become a river rat, a quokka, or an endoplasm, chance to affect: 57%)
The gnoll evaporates and reforms as a river rat!
You closely miss the river rat. Your grab misses the river rat.
You closely miss the river rat. You grab the river rat.
You constrict the river rat, but do no damage.
The river rat closely misses you.
You hit the river rat but do no damage.
You constrict the river rat, but do no damage.
You hit the river rat. Your squeeze misses the river rat.
The river rat is moderately wounded.
You constrict the river rat.
An adder comes into view.
The river rat bites you!
* * * LOW HITPOINT WARNING * * *
The white imp shouts, "Return whence thou came, thou unmuzzled full-gorged scut!"
You take 10 damage, and have 12/70 hp.
The adder hisses angrily.
You hit the river rat but do no damage.
The river rat is heavily wounded.
You constrict the river rat, but do no damage.
You barely miss the river rat.
You squeeze the river rat, but do no damage.
The river rat is heavily wounded.
You constrict the river rat. The river rat bites you.
* * * LOW HITPOINT WARNING * * *
You take 1 damage, and have 12/70 hp.
You are confused.
You feel invigorated.
You constrict the river rat, but do no damage.
The river rat barely misses you.
You regained 3 hp, and now have 15/70 hp.
You bump into the rock wall.
You constrict the river rat. The river rat barely misses you.
You regained 4 hp, and now have 19/70 hp.
You hit the river rat.
You kill the river rat!
The gnoll returns to its original shape as it dies.
You regained 3 hp, and now have 22/70 hp.
You bump into the rock wall.
The water moccasin misses you.
You regained 4 hp, and now have 26/70 hp.
You closely miss the water moccasin. The water moccasin bites you!
* * * LOW HITPOINT WARNING * * *
You are poisoned.
The water moccasin poisons you!
You take 6 damage, and have 20/70 hp.
You barely miss the water moccasin.
You feel sick. The water moccasin misses you.
You feel sick.
Things that are here:
9 gold pieces; a howler monkey corpse You barely miss the water moccasin.
You squeeze the water moccasin.
The water moccasin is lightly wounded.
You feel sick. The water moccasin bites you.
* * * LOW HITPOINT WARNING * * *
You feel better.
You feel less invigorated. The water moccasin closely misses you.
You regained 12 hp, and now have 33/70 hp.
You miss the water moccasin. Your grab misses the water moccasin.
The water moccasin is lightly wounded.
The water moccasin completely misses you.
You hit the water moccasin. You grab the water moccasin.
The water moccasin is moderately wounded.
You constrict the water moccasin.
You hit the water moccasin but do no damage.
You squeeze the water moccasin!
The water moccasin is heavily wounded.
You constrict the water moccasin, but do no damage.
The water moccasin misses you.
You hit the water moccasin.
The water moccasin is severely wounded.
You constrict the water moccasin. The water moccasin bites you!
You are poisoned.
The water moccasin poisons you!
You take 7 damage, and have 26/70 hp.
You hit the water moccasin. You squeeze the water moccasin.
The water moccasin is almost dead.
You constrict the water moccasin.
You kill the water moccasin!
You feel very sick.
Your Shapeshifting skill increases to level 1!
You take 3 damage, and have 23/70 hp.
You barely miss the adder. You grab the adder. You squeeze the adder!
The adder is severely wounded.
You constrict the adder.
You feel sick.
You take 1 damage, and have 22/70 hp.
You barely miss the adder.
You squeeze the adder, but do no damage.
The adder is almost dead.
You constrict the adder.
You kill the adder!
You feel sick.
You take 2 damage, and have 20/70 hp.
You feel sick. The white imp gestures at you. The puff of frost hits you!
* * * LOW HITPOINT WARNING * * *
You see here a water moccasin corpse.
You take 11 damage, and have 9/70 hp.
You hit the white imp. Your grab misses the white imp.
You squeeze the white imp, but do no damage.
The white imp is heavily wounded.
* * * LOW HITPOINT WARNING * * *
You feel sick. The white imp hits you.
* * * LOW HITPOINT WARNING * * *
The white imp freezes you.
* * * LOW HITPOINT WARNING * * *
You take 6 damage, and have 3/70 hp.
You feel better. The white imp gestures at you. The puff of frost hits you.
* * * LOW HITPOINT WARNING * * *
You regained 2 hp, and now have 5/70 hp.
Okay, then.
Unknown command.
Unknown command.
Unknown command.
Aiming: Throw Flame
Press: ? - help, Shift-Dir - straight line, f - white imp
Aim: a white imp (heavily wounded, 68% to hit)
The puff of flame misses the white imp.
The white imp shouts, "Take thy face hence, thou venomed spur-galled malt-worm!"
The white imp hits you.
* * * LOW HITPOINT WARNING * * *
The white imp freezes you.
You die...

.
.........#..##..[...........
..
#........#..)##....ยง........
..##..###.#..#..##......##>..
...#.####..)..####.....## .#
............## #..#### .
...........## ####
............#
..........####.#...
..........$@5)...#
......########.#... #...##
##.. #. #


You could see a white imp.

Vanquished Creatures
  A two-headed ogre (D:5)
  Pikel (D:4)
  Grinder (D:4)
  3 water moccasins (D:6)
  Duvessa (D:4)
  A black bear (D:6)
  An ice beast (D:5)
  3 lemures (D:3)
  Blork the orc (D:6)
  4 phantoms
  A bullfrog (D:6)
  4 scorpions
  5 wights
  Dowan (D:4)
  3 howler monkeys
  2 hounds (D:5)
  An orc priest (D:5)
  An iguana (D:5)
  7 adders
  A river rat (D:6)
  A worm (D:2)
  5 dart slugs
  18 orcs
  7 endoplasms
  7 goblins
  6 hobgoblins
  6 kobolds
  4 quokkas
  8 ball pythons
  A bat (D:3)
  A frilled lizard (D:1)
  2 rats (D:1)
109 creatures vanquished.

Notes
Turn   | Place    | Note
-------+----------+-------------------------------------------
     0 | D:1      | mdonais the Octopode Reaver began the quest for the Orb.
     0 | D:1      | Reached XP level 1. HP: 14/14 MP: 3/3
    70 | D:1      | Reached skill level 1 in Stealth
   186 | D:1      | Reached XP level 2. HP: 11/19 MP: 5/5
   231 | D:1      | Learned a level 2 spell: Momentum Strike
   463 | D:1      | Reached skill level 1 in Necromancy
   566 | D:1      | Reached XP level 3. HP: 23/24 MP: 6/6
   760 | D:2      | Learned a level 2 spell: Poisonous Vapours
   785 | D:2      | Reached skill level 1 in Translocations
  1325 | D:3      | Reached skill level 1 in Poison Magic
  1561 | D:3      | Found a shimmering altar of Xom.
  1834 | D:3      | Reached XP level 4. HP: 29/29 MP: 4/7
  1882 | D:3      | Reached skill level 1 in Air Magic
  2499 | D:4      | Noticed a scorpion
  2507 | D:4      | Killed a scorpion
  2508 | D:4      | Reached XP level 5. HP: 32/34 MP: 1/8
  2626 | D:4      | Found an iron altar of Okawaru.
  2628 | D:4      | Noticed a lemure
  2629 | D:4      | Noticed a lemure
  2642 | D:3      | Killed a lemure
  2709 | D:3      | Killed a lemure
  2856 | D:4      | Noticed a lemure
  2861 | D:4      | Noticed Grinder
  2873 | D:4      | Noticed a lemure
  2882 | D:3      | Killed a lemure
  3077 | D:4      | Noticed Duvessa
  3079 | D:4      | Noticed Dowan
  3303 | D:4      | Found a staircase to the Ecumenical Temple.
  3312 | Temple   | Entered the Ecumenical Temple
  3331 | Temple   | Became a worshipper of Ashenzari the Shackled
  3479 | D:4      | Killed Duvessa
  3480 | D:4      | Reached XP level 6. HP: 35/41 MP: 1/9
  3593 | D:4      | Noticed Pikel
  3663 | D:4      | Killed Pikel
  3664 | D:4      | Reached skill level 4 in Fighting
  3664 | D:4      | Reached XP level 7. HP: 17/48 MP: 9/11
  3721 | D:4      | Learned a level 4 spell: Olgreb's Toxic Radiance
  3903 | D:4      | Killed Grinder
  3904 | D:4      | Reached skill level 5 in Short Blades
  3904 | D:4      | Reached XP level 8. HP: 42/54 MP: 9/12
  3951 | D:4      | Got the Secrets of the Cemetery
  4264 | D:4      | Killed Dowan
  4457 | D:5      | Entered Level 5 of the Dungeon
  4523 | D:5      | Reached skill level 5 in Fighting
  4636 | D:5      | Found a runed translucent gate.
  4639 | D:5      | Found a runed translucent gate.
  4639 | D:5      | Noticed experimilk's ghost (novice TrGl)
  4640 | D:5      | Found a runed translucent gate.
  4664 | D:5      | Noticed a two-headed ogre
  4684 | D:5      | Killed a two-headed ogre
  4685 | D:5      | Reached skill level 6 in Fighting
  4685 | D:5      | Reached skill level 5 in Dodging
  4685 | D:5      | Reached skill level 5 in Poison Magic
  4685 | D:5      | Reached XP level 9. HP: 24/63 MP: 0/13
  4920 | D:5      | Reached skill level 7 in Fighting
  5614 | D:5      | Found an opulent altar of Gozag.
  6044 | D:5      | Found a sacrificial altar of Ru.
  6058 | D:5      | Reached * piety under Ashenzari
  6424 | D:6      | Reached skill level 8 in Fighting
  6450 | D:6      | Noticed Blork the orc
  6463 | D:6      | Killed Blork the orc
  7103 | D:6      | Reached skill level 9 in Fighting
  7150 | D:6      | Reached skill level 1 in Shapeshifting
  7153 | D:6      | HP: 3/70 [white imp (2)]
  7155 | D:6      | Slain by a white imp

Illustrated notes

Levels and vault maps discovered:
D:1:      lemuel_arrival_river_passageway, layout_rooms,
          hangedman_decor_opposing
D:2:      layout_basic, minivault_14
D:3:      layout_loops_corners, mainiacjoe_overflow_alcove_1
D:4:      layout_loops_ring, okawaru_ov_weapons_minmay,
          minmay_temple_entry_mist, uniq_duvessa, uniq_grinder, uniq_pikel
D:5:      layout_cave_pods, nicolae_ru_the_path_less_chosen,
          nicolae_gozag_seed_capital, serial_bayou, serial_bayou_crossing,
          serial_bayou_lagoon_a, serial_bayou_pond_a, serial_bayou_pond_a,
          gammafunk_ghost_split
D:6:      minmay_spotlight, layout_layer_cave, glass_columns_a,
          uniq_blork_the_orc
Temple:   nicolae_temple_slightly_damp_pantheon

Skill      XL: |  1  2  3  4  5  6  7  8  9 |
---------------+----------------------------+-----
Stealth        | 1 2 3 4 |  4.3
Necromancy     | 1 |  1.0
Translocations | 1 |  1.0
Poison Magic   | 1 3 4 5 |  5.0
Air Magic      | 1 2 3 |  3.0
Fighting       | 4 6 9 |  9.2
Short Blades   | 4 5 |  5.0
Spellcasting   | 3 |  3.0
Dodging        | 5 6 |  6.2
Shapeshifting  | 1 |  1.6
Conjurations   | |  3.0

Action                     |  1- 3 |  4- 6 |  7- 9 || total
---------------------------+-------+-------+-------++-------
  Melee: Short sword       |    65 |    53 |   186 ||   304
         Constrict         |    15 |    14 |    20 ||    49
         Tentacles         |    17 |    22 |    49 ||    88
         Punch             |     1 |     1 |     2 ||     4
   Fire: Sling             |    25 |       |       ||    25
   Cast: Momentum Strike   |     2 |     3 |     9 ||    14
         Poisonous Vapours |     1 |    41 |    71 ||   113
         Kiss of Death     |       |       |     1 ||     1
 Invoke: Curse Item        |       |       |     2 ||     2
  Evoke: Wand              |       |       |     2 ||     2
    Use: Potion            |       |     1 |     4 ||     5
         Scroll            |       |       |     3 ||     3
   Stab: Sleeping          |     6 |       |     4 ||    10
 Armour: Skin              |     3 |     2 |    37 ||    42
  Dodge: Dodged            |    28 |    12 |    60 ||   100

Table legend: (Time is in decaauts)
 A = Elapsed time spent in this place.
 B = Non-inter-level travel time spent in this place.
 C = Inter-level travel time spent in this place.
 D = Time resting spent in this place.
 E = Time spent auto-exploring this place.
 F = Levels seen in this place.
 G = Mean time per level.
                   A        B        C        D        E       F      G
               +--------+--------+--------+--------+--------+-----+--------+
         Total |   7030 |   6819 |    211 |    403 |   5291 |   7 | 1004.3 |
       Dungeon |   6996 |   6799 |    197 |    403 |   5291 |   6 | 1166.0 |
        Temple |     33 |     19 |     14 |      0 |      0 |   1 |   33.0 |
               +--------+--------+--------+--------+--------+-----+--------+

Top non-repeatable levels by time:
     D:5: 1786 daAuts
     D:4: 1567 daAuts
     D:3: 1520 daAuts
     D:6: 830 daAuts
     D:1: 671 daAuts
     D:2: 620 daAuts
  Temple: 33 daAuts
